 Seeded DCSS version 0.30.1-11-g7821555f0a (webtiles) character file.

Game seed: 5 (custom seed)

2230 Kazon the Ducker (level 9, -8/52 HPs)
             Began as a Vampire Gladiator on Dec 7, 2023.
             Was a Believer of Makhleb.
             Mangled by a mummy (17 damage)
             ... in an ossuary on Dec 8, 2023.
             The game lasted 00:25:26 (4583 turns).

Kazon the Ducker (Vampire Gladiator)                Turns: 4583, Time: 00:25:26

Health: -8/52      AC:  4    Str: 17    XL:     9   Next: 14%
Magic:  11/11      EV: 12    Int: 10    God:    Makhleb [**....]
Gold:   297        SH: 15    Dex: 22    Spells: 8/8 levels left

rFire   . . .        f - +0 hand axe (flame)
rCold   + + .        c - +0 tower shield
rNeg    + + +        b - +0 leather armour
rPois   ∞            j - +0 helmet
rElec   .            (no cloak)
rCorr   .            (no gloves)
SInv    +            (no boots)
Will    .....        C - amulet of regeneration
Stlth   ++++         (no ring)
HPRegen 0.00/turn    y - +6 ring of dexterity
MPRegen 0.12/turn

%: no passive effects
@: bloodless, inhibited regen
A: bloodless, fangs 3, see invisible, vampiric 2
a: Bat Form, Revivify, Renounce Religion, Minor Destruction


You were in an ossuary.
You worshipped Makhleb.
Makhleb was pleased with you.
You visited 2 branches of the dungeon, and saw 8 of its levels.
You also visited: Ossuary.

You collected 297 gold pieces.

Inventory:

Hand Weapons
 e - a +2 vampiric dagger
 f - a +0 hand axe of flaming (weapon)
 k - a +0 long sword
 v - a +0 vampiric hand axe
Missiles
 a - 9 poisoned darts
 d - 3 throwing nets
 m - 4 boomerangs
 H - 28 stones
Armour
 b - a +0 leather armour (worn)
 c - a +0 tower shield (worn)
 j - a +0 helmet (worn)
Jewellery
 y - a +6 ring of dexterity (right hand)
 C - an amulet of regeneration (around neck)
Wands
 D - a wand of paralysis (8)
Scrolls
 g - a scroll of poison {unknown}
 h - a scroll of fog {unknown}
 n - a scroll of enchant armour {unknown}
 o - 2 scrolls of identify {unknown}
 p - a scroll of summoning {unknown}
 q - 2 scrolls of magic mapping {unknown}
 r - a scroll of blinking {unknown}
 t - 2 scrolls of teleportation {unknown}
 x - a scroll of fear {unknown}
 B - a scroll of torment {unknown}
 E - a scroll of amnesia {unknown}
Potions
 i - 2 potions of invisibility {unknown}
 l - a potion of curing
 s - 4 potions of flight {unknown}
 u - a potion of magic
 w - a potion of berserk rage {unknown}
 z - a potion of resistance {unknown}
 A - 2 potions of heal wounds {unknown}
 G - a potion of attraction {unknown}
 I - a potion of lignification {unknown}


   Skills:
 + Level 3.7 Fighting
 + Level 5.2(5.4) Short Blades
 + Level 2.0(3.6) Long Blades
 + Level 3.2 Axes
 + Level 2.6 Throwing
 + Level 2.4 Armour
 + Level 5.5 Dodging
 + Level 2.3 Stealth
 + Level 4.5 Shields
 * Level 3.4 Invocations
 * Level 3.6 Evocations


You had 8 spell levels left.
You didn't know any spells.
Your spell library contained the following spells:

 Spells                   Type           Power      Damage    Failure   Level
 Frozen Ramparts          Ice            0%         1d1       100%        3
 Ignite Poison            Fire/Tmut/Pois 0%         N/A       100%        3
 Ice Form                 Ice/Tmut       0%         N/A       100%        4
 Sticky Flame             Conj/Fire      0%         2d3       100%        4
 Summon Ice Beast         Ice/Summ       0%         N/A       100%        4
 Summon Forest            Summ/Tloc      0%         N/A       100%        5
 Eringya's Noxious Bog    Tmut/Pois      0%         N/A       100%        6
 Summon Hydra             Summ           0%         N/A       100%        7
 Ignition                 Fire           0%         3d3       100%        8


Dungeon Overview and Level Annotations

Branches:
Dungeon (7/15)             Temple (1/1) D:4         Ossuary (1/1)

Altars:
Dithmenos
Fedhas
Gozag
Hepliaklqana
Makhleb
Qazlal
Wu Jian
Xom


Innate Abilities, Weirdness & Mutations

You do not regenerate when monsters are visible.
You are frail without blood (-20% HP).
You can heal yourself when you bite living creatures.
You are immune to poison.
You have razor-sharp teeth.
You have supernaturally acute eyesight. (SInv)
You are afflicted with vampirism and can become a bat while bloodless.


Message History

The centaur zombie barely misses you.
You hit the centaur zombie. You burn the centaur zombie.
The centaur zombie is almost destroyed.
The centaur zombie closely misses you.
You block the centaur zombie's attack. x2
The centaur zombie kicks you.
You hit the centaur zombie but do no damage.
The centaur zombie is almost destroyed.
The centaur zombie hits you.
You block the centaur zombie's attack. x2
The centaur zombie kicks you.
You hit the centaur zombie. You burn the centaur zombie.
The centaur zombie is almost destroyed.
You block the centaur zombie's attack. The centaur zombie kicks you.
The centaur zombie hits you.
The centaur zombie kicks you but does no damage.
You hit the centaur zombie. You burn the centaur zombie.
You destroy the centaur zombie!
Makhleb accepts your kill.
There is an open door here.
Your +0 hand axe of flaming stops flaming.
You feel a bloodthirsty glee!
e - a +2 vampiric dagger (weapon)
There is an open door here.
A mummy comes into view.
You open the door.
There is an open door here.
You feel your glee subside.
Your +0 hand axe of flaming bursts into flame!
f - a +0 hand axe of flaming (weapon)
You barely miss the mummy. The mummy hits you!
You hit the mummy. You burn the mummy.
The mummy is lightly damaged.
You block the mummy's attack.
You barely miss the mummy.
The mummy is lightly damaged.
The mummy hits you!!
* * * LOW HITPOINT WARNING * * *
You hit the mummy but do no damage.
The mummy is lightly damaged.
The mummy hits you!
You die...

#....#.#..#
#....#.'..#
#....###..#
######.#..#
#.#..#
#.'..#
###..# #..#
#.@# #.M#
#..# ...#
...∩#
######


You could see a mummy.

Vanquished Creatures
  Sigmund (D:4)
  Duvessa (D:6)
  A water moccasin (D:6)
  2 black bears (D:4)
  2 centaurs
  An ogre (D:5)
  An elf zombie (Ossuary)
  A kobold brigand (D:7)
  2 scorpions
  4 killer bees (D:7)
  Dowan (D:6)
  A howler monkey (D:6)
  A vampire bat (D:7)
  A centaur zombie (Ossuary)
  4 hounds
  2 human zombies (Ossuary)
  A jelly (D:5)
  3 orc priests (D:6)
  5 iguanas
  4 orc wizards (D:6)
  3 ogre zombies (Ossuary)
  4 gnolls (D:5)
  9 adders
  A white imp (D:7)
  An ufetubus (D:4)
  A worm zombie (D:7)
  An adder zombie (Ossuary)
  3 worms
  14 orcs
  12 bats
  9 endoplasms
  A giant cockroach (D:1)
  12 goblins
  7 hobgoblins
  11 jackals
  10 kobolds
  3 quokkas (D:4)
  6 ball pythons
  3 frilled lizards
  2 goblin zombies (Ossuary)
  5 hobgoblin zombies
  2 kobold zombies
  3 quokka zombies (Ossuary)
  4 rats
  3 rat zombies (Ossuary)
169 creatures vanquished.

Notes
Turn   | Place    | Note
-------+----------+-------------------------------------------
     0 | D:1      | Kazon the Vampire Gladiator began the quest for the Orb.
     0 | D:1      | Reached XP level 1. HP: 16/16 MP: 1/1
    56 | D:1      | Identified a scroll of acquirement
    56 | D:1      | Acquired an amulet of regeneration
    97 | D:1      | Reached XP level 2. HP: 22/22 MP: 2/2
   433 | D:1      | Gained mutation: You are afflicted with vampirism and can
                  | become a bat while bloodless. [Vampire growth]
   433 | D:1      | Reached XP level 3. HP: 26/27 MP: 3/3
  1017 | D:2      | Reached XP level 4. HP: 33/33 MP: 4/4
  1081 | D:2      | Reached skill level 1 in Shields
  1221 | D:2      | Reached skill level 1 in Long Blades
  1559 | D:3      | Found a stormy altar of Qazlal.
  1616 | D:3      | Found a blossoming altar of Fedhas.
  1886 | D:3      | Identified the +2 sling "Qeuhanocyt" {speed, rElec Str-3
                  | Dex+2}
  1904 | D:3      | Found a faded altar of an unknown god.
  2046 | D:4      | Noticed a scorpion
  2058 | D:4      | Killed a scorpion
  2059 | D:4      | Reached skill level 1 in Armour
  2059 | D:4      | Reached skill level 1 in Stealth
  2059 | D:4      | Reached XP level 5. HP: 38/39 MP: 5/5
  2078 | D:4      | Found a staircase to the Ecumenical Temple.
  2092 | Temple   | Entered the Ecumenical Temple
  2108 | Temple   | Became a worshipper of Makhleb the Destroyer
  2161 | D:4      | Noticed Sigmund
  2182 | D:4      | Killed Sigmund
  2183 | D:4      | Reached skill level 1 in Axes
  2183 | D:4      | Reached skill level 1 in Invocations
  2183 | D:4      | Reached XP level 6. HP: 46/46 MP: 6/6
  2220 | D:4      | Found a hazy altar of Hepliaklqana.
  2292 | D:4      | Found a shadowy altar of Dithmenos.
  2293 | D:4      | Noticed a shadow
  2697 | D:4      | Reached XP level 7. HP: 18/52 MP: 8/8
  2856 | D:5      | Entered Level 5 of the Dungeon
  3054 | D:5      | Reached * piety under Makhleb
  3055 | D:5      | Reached skill level 1 in Evocations
  3546 | D:6      | Reached skill level 5 in Short Blades
  3546 | D:6      | Reached XP level 8. HP: 9/58 MP: 8/9
  3679 | D:6      | Noticed Dowan
  3680 | D:6      | Noticed Duvessa
  3698 | D:6      | Killed Duvessa
  3699 | D:6      | Reached skill level 5 in Dodging
  3714 | D:6      | Killed Dowan
  3894 | D:6      | Found a shimmering altar of Xom.
  4230 | D:7      | Reached ** piety under Makhleb
  4281 | D:7      | Reached XP level 9. HP: 18/52 MP: 11/11
  4304 | D:7      | Found a sand-covered staircase.
  4319 | Ossuary  | Entered an ossuary
  4583 | Ossuary  | Mangled by a mummy

Illustrated notes

Levels and vault maps discovered:
D:1:      ebering_trefoil_3fold, layout_basic, st_stairs_14, serial_bayou_ford_a
D:2:      layout_basic, hangedman_decor_growths, minmay_close_crescents
D:3:      layout_rooms, mainiacjoe_overflow_concentric_impassable,
          mainiacjoe_overflow_paths, shapermc_ecumenical_altar_acropolis,
          chequers_serial_rivers_micro_b
D:4:      layout_basic, riverfiend_overflow_shadow_ancestor,
          minmay_temple_entry_glass, uniq_sigmund
D:5:      layout_gridville
D:6:      layout_basic, xom_teletrap_fun, uniq_duvessa
D:7:      layout_loops_ring, enter_ossuary_3, roderic_batcave
Temple:   nicolae_temple_elliptical
Ossuary:  ossuary_boxes_badplayer

Skill      XL: |  1  2  3  4  5  6  7  8  9 |
---------------+----------------------------+-----
Fighting       | 2 3 |  3.7
Dodging        | 4 5 |  5.5
Shields        | 1 2 3 4 |  4.5
Long Blades    | 1 2 |  2.0
Short Blades   | 4 5 |  5.2
Armour         | 1 2 |  2.4
Stealth        | 1 2 |  2.3
Axes           | 1 2 3 |  3.2
Invocations    | 1 2 3 |  3.4
Evocations     | 1 3 |  3.6
Throwing       | 2 |  2.6

Action                     |  1- 3 |  4- 6 |  7- 9 || total
---------------------------+-------+-------+-------++-------
  Melee: Rapier            |    66 |       |       ||    66
         Bite              |    12 |    23 |    66 ||   101
         Long sword        |    68 |    63 |       ||   131
         Punch             |     1 |       |       ||     1
         Dagger            |       |   102 |   199 ||   301
         Hand axe          |       |    32 |   243 ||   275
  Throw: Stone             |       |    13 |    13 ||    26
         Dart              |       |       |    26 ||    26
         Boomerang         |       |       |    11 ||    11
         Throwing net      |       |       |     3 ||     3
         Javelin           |       |       |     1 ||     1
 Invoke: Minor Destruction |       |       |     6 ||     6
Ability: Exsanguinate      |       |       |     1 ||     1
    Use: Scroll            |     2 |       |       ||     2
         Potion            |     1 |       |     2 ||     3
   Stab: Sleeping          |       |     3 |    14 ||    17
         Distracted        |       |       |     1 ||     1
 Armour: Leather armour    |    42 |    43 |    88 ||   173
  Dodge: Dodged            |    62 |    74 |   179 ||   315
  Block: Tower shield      |    51 |   136 |   397 ||   584
